 Dungeon Crawl Stone Soup version 0.19-a0-1201-gda63bca (webtiles) character file.

98 AlphabetPasta the Charmwright (level 4, 0/39 HPs)
             Began as a Deep Elf Skald on Aug 20, 2016.
             Succumbed to Crazy Yiuf's poison
             ... while paralysed by Crazy Yiuf
             ... on level 2 of the Dungeon.
             The game lasted 00:09:09 (2546 turns).

AlphabetPasta the Charmwright (Deep Elf Skald)      Turns: 2546, Time: 00:09:10

Health: 0/39       AC:  4    Str: 15    XL:     4   Next: 44%
Magic:  5/11       EV:  2    Int: 17    God:
Gold:   128        SH:  0    Dex: 14    Spells: 4 memorised, 1 level left

rFire  . . .     SeeInvis .     a - +0 falchion
rCold  . . .     Gourm    .     b - +0 leather armour
rNeg   . . .     Faith    .     (no shield)
rPois  .         Spirit   .     s - +0 helmet
rElec  .         Dismiss  .     (no cloak)
rCorr  .         Reflect  .     (no gloves)
MR     .....     Harm     .     (no boots)
Stlth  ..........               (no amulet)
                                (no ring)
                                (no ring)

@: paralysed, berserking, lethally poisoned (0 -> -18), infused, drained
A: no striking features
a: no special abilities


You were on level 2 of the Dungeon.
You were hungry.

You visited 1 branch of the dungeon, and saw 2 of its levels.

You collected 128 gold pieces.

Inventory:

Hand Weapons
 a - a +0 falchion (weapon)
Missiles
 l - 41 arrows
Armour
 b - a +0 leather armour (worn)
 s - a +0 helmet (worn)
Jewellery
 f - an uncursed ring of protection from fire {unknown}
 h - an uncursed ring of ice {unknown}
 k - a +6 ring of dexterity {unknown}
 n - an uncursed ring of wizardry {unknown}
 r - a +1 ring of evasion {unknown}
Scrolls
 e - 2 scrolls of enchant armour {unknown}
 g - a scroll of enchant weapon {unknown}
 m - 2 scrolls of remove curse {unknown}
 q - a scroll of fog {unknown}
 t - a scroll of amnesia {unknown}
Potions
 j - a potion of agility {unknown}
 p - a potion of might {unknown}
Books
 c - a book of Battle

   Spells                             Type                      Level
   a - Infusion                       Charms                       1
   b - Shroud of Golubria             Charms/Translocation         2
   c - Song of Slaying                Charms                       2
   d - Spectral Weapon                Hexes/Charms                 3
   e - Regeneration                   Charms/Necromancy            3
Comestibles
 d - a bread ration
 i - 2 chunks of flesh
 o - a beef jerky
 u - a fruit
 v - a meat ration


   Skills:
 + Level 1.9(1.7) Fighting
 * Level 2.0(1.8) Long Blades
 + Level 1.6(1.3) Armour
 + Level 2.2(1.9) Dodging
 + Level 3.4(3.1) Spellcasting
 + Level 1.0(0.7) Hexes
 + Level 5.2(4.9) Charms
 + Level 1.2(0.9) Translocations


You had one spell level left.
You knew the following spells:

 Your Spells              Type           Power        Failure   Level  Hunger
a - Infusion              Chrm           ###.         2%          1    None
b - Song of Slaying       Chrm           ###.....     4%          2    ##.....
c - Shroud of Golubria    Chrm/Tloc      ##........   12%         2    ##.....
d - Spectral Weapon       Hex/Chrm       ##......     21%         3    ###....


Dungeon Overview and Level Annotations

Branches:
Dungeon (2/15)

Altars:
Dithmenos

Annotations:
D:2 Crazy Yiuf


Message History

You hit Crazy Yiuf.
Crazy Yiuf is heavily wounded.
Crazy Yiuf hits you with a quarterstaff of chaos.
Your shroud falls apart!
You feel drained.
You barely miss Crazy Yiuf.
Crazy Yiuf is heavily wounded.
Crazy Yiuf glowers.
Crazy Yiuf hits you with a quarterstaff of chaos!
A red film seems to cover your vision as you go berserk!
You feel yourself moving faster!
You feel mighty!
You hit Crazy Yiuf.
Crazy Yiuf is severely wounded.
Crazy Yiuf hits you with a quarterstaff of chaos.
You suddenly lose the ability to move!
Crazy Yiuf whimpers, "Candle head testudinal!"
Crazy Yiuf hits you with a quarterstaff of chaos!
* * * LOW HITPOINT WARNING * * *
You are lethally poisoned!
You die...

######...##.....##.#########.
#........##.....##.# #..
#.####...##.....##.# ##. #.#
############### #.# #.# #.#
#.###♣♣♣♣♣ #.# #.#.#..♣.♣♣♣
#### #########.#
#....P♣.♣..♣#...# #..........
#....PP♣♣♣♣.@g..# #########.#
##..#P♣♣ ♣♣#..)# #......†..#
####♣♣ #### ###.####### #.#
#.# #.# #.# #.#######
#........


You could see Crazy Yiuf.

Vanquished Creatures
  Ijyb (D:2)
  3 adders (D:2)
  A worm (D:2)
  4 bats
  3 giant cockroaches
  6 goblins
  8 hobgoblins
  2 jackals (D:2)
  A ball python (D:1)
  4 giant newts
  6 kobolds
  4 rats
  A fungus (D:2)
44 creatures vanquished.

Notes
Turn   | Place    | Note
-------+----------+-------------------------------------------
     0 | D:1      | AlphabetPasta the Deep Elf Skald began the quest for the Orb.
     0 | D:1      | Reached XP level 1. HP: 12/12 MP: 6/6
   187 | D:1      | Reached skill level 1 in Armour
   255 | D:1      | Reached XP level 2. HP: 16/17 MP: 8/8
   259 | D:1      | Learned a level 2 spell: Song of Slaying
   262 | D:1      | Learned a level 2 spell: Shroud of Golubria
   902 | D:2      | Noticed Ijyb
   913 | D:2      | Killed Ijyb
   913 | D:2      | Reached XP level 3. HP: 10/21 MP: 1/9
   921 | D:2      | Learned a level 3 spell: Spectral Weapon
  1112 | D:2      | Found a shadowy altar of Dithmenos.
  1274 | D:2      | Reached skill level 5 in Charms
  1406 | D:2      | Reached skill level 1 in Translocations
  1643 | D:2      | Reached XP level 4. HP: 24/26 MP: 7/11
  2017 | D:2      | Reached skill level 1 in Hexes
  2532 | D:2      | Found a runed door.
  2538 | D:2      | Noticed Crazy Yiuf
  2544 | D:2      | Paralysed by Crazy Yiuf for 6 turns
  2546 | D:2      | Succumbed to Crazy Yiuf's poison

Vault maps used:
D:1:      dpeg_arrival_fog
D:2:      lemuel_doored_altar, st_stairs_13, minmay_octomino_e4, uniq_iyjb,
          uniq_crazy_yiuf_cottage

Skill      XL: |  1  2  3  4 |
---------------+-------------+-----
Armour         | 1 |  1.6
Long Blades    | 2 |  2.0
Dodging        | 2 |  2.2
Charms         | 5 |  5.2
Translocations | 1 |  1.2
Hexes          | 1 |  1.0
Fighting       | |  1.9
Spellcasting   | |  3.4

Action                   |  1- 3 |  4- 6 || total
-------------------------+-------+-------++-------
Melee: Falchion          |    89 |   101 ||   190
 Cast: Infusion          |    11 |     4 ||    15
       Shroud of Golubri |       |     3 ||     3
  Eat: Chunk             |     2 |     3 ||     5
Armor: Leather armour    |    16 |    10 ||    26
Dodge: Dodged            |    44 |    46 ||    90
